 Dungeon Crawl Stone Soup version 0.29.0-4-gdea44cf6ec (webtiles) character file.

Game seed: 16105934069333649155

22 qw the Firebug (level 2, -1/23 HPs)
             Began as a Ghoul Fire Elementalist on Aug 29, 2022.
             Slain by a frilled lizard (2 damage)
             ... on level 1 of the Dungeon.
             The game lasted 00:00:58 (1042 turns).

qw the Firebug (Ghoul Fire Elementalist)            Turns: 1042, Time: 00:00:59

Health: -1/23      AC:  2    Str: 11    XL:     2   Next: 91%
Magic:  3/3        EV: 12    Int: 10    God:
Gold:   10         SH:  0    Dex:  9    Spells: 3/4 levels left

rFire   . . .      SeeInvis .     - Unarmed
rCold   + . .      Faith    .   (no shield)
rNeg    + + +      Spirit   .   a - +0 robe
rPois   inf        Reflect  .   (no helmet)
rElec   .          Harm     .   (no cloak)
rCorr   .          Rampage  .   (no gloves)
Will    .....                   (no boots)
Stlth   ++........              c - amulet of the acrobat
HPRegen 0.00/turn               (no ring)
MPRegen 0.08/turn               (no ring)

@: inhibited regen
A: claws 1, cold resistance 1, negative energy resistance 3, inhibited
regeneration, torment resistance 2, devour on kill
a: no special abilities


You were on level 1 of the Dungeon.
You visited 1 branch of the dungeon, and saw 2 of its levels.

You collected 10 gold pieces.


Innate Abilities, Weirdness & Mutations

You are immune to poison.
You have sharp fingernails.
Your flesh is cold resistant. (rC+)
You are immune to negative energy. (rN+++)
You do not regenerate when monsters are visible.
You are immune to unholy pain and torment.
You thrive by killing the living.


   Skills:
 - Level 1.2 Fighting
 - Level 1.7 Dodging
 - Level 2.1 Stealth
 + Level 2.2 Unarmed Combat
 - Level 1.7 Spellcasting
 - Level 0.7 Conjurations
 - Level 2.4 Fire Magic


You had 3 spell levels left.
You knew the following spells:

 Your Spells              Type           Power      Damage    Failure   Level
a - Foxfire               Conj/Fire      16%        2x1d4     17%         1

Your spell library contained the following spells:

 Spells                   Type           Power      Damage    Failure   Level
 Scorch                   Fire           10%        2d5       19%         2
 Conjure Flame            Conj/Fire      4%         6-21      45%         3
 Inner Flame              Hex/Fire       3%         N/A       52%         3
 Flame Wave               Conj/Fire      4%         2d5       86%         4

Inventory:

Armour
 a - a +0 robe (worn)
Jewellery
 c - an amulet of the acrobat (around neck)
Potions
 d - a potion of curing {unknown}
 e - a potion of cancellation {unknown}
 f - a potion of might {unknown}

Dungeon Overview and Level Annotations

Branches:
Dungeon (2/15)

Altars:

Shops:
D:1 *?[


Message History

The frilled lizard completely misses you.
You closely miss the jackal. The jackal bites you.
The jackal closely misses you. The frilled lizard closely misses you.
The jackal bites you but does no damage.
The jackal bites you.
You barely miss the jackal.
The jackal closely misses you. x2; The frilled lizard bites you.
You closely miss the jackal. The jackal barely misses you.
The jackal bites you. The frilled lizard closely misses you.
The jackal closely misses you.
You scratch the jackal.
The jackal is severely wounded.
The jackal barely misses you. The frilled lizard bites you.
The jackal barely misses you.
The jackal bites you but does no damage.
You barely miss the jackal.
The jackal is severely wounded.
The jackal closely misses you. The jackal misses you.
The frilled lizard closely misses you.
You scratch the jackal.
You kill the jackal!
The jackal bites you. The frilled lizard barely misses you.
You scratch the jackal but do no damage.
The jackal closely misses you. The frilled lizard barely misses you.
The jackal bites you.
You scratch the jackal but do no damage.
The jackal barely misses you. The frilled lizard misses you.
You scratch the jackal.
The jackal is severely wounded.
The jackal bites you. The frilled lizard closely misses you.
You scratch the jackal but do no damage.
The jackal is severely wounded.
The jackal closely misses you. The jackal barely misses you.
The frilled lizard misses you.
You claw the jackal!
You kill the jackal!
You closely miss the frilled lizard. The frilled lizard bites you.
You die...

######### #.......# +##
#.#####.###### ..#
#.#..........# ..#
#.#.###......# ..# #.#.#
#......#
..####.#.###......#############
..'..........................>#
..######.###....@.......#####.#
..# #.# #....l.......# #.# ..#
#.# #............# #.# ..# #.#
#######......# #.# ..# #.#
#....).# #.# ..######.#
#%.....#####.# .........#
##............# ...###....
.............#####.# ...# .
.............# #.#


You could see a frilled lizard.

Vanquished Creatures
  3 endoplasms (D:1)
  2 hobgoblins (D:1)
  3 jackals (D:1)
  5 quokkas (D:1)
  A bat (D:1)
  2 kobolds (D:1)
  2 rats (D:1)
18 creatures vanquished.

Notes
Turn   | Place    | Note
-------+----------+-------------------------------------------
     0 | D:1      | qw the Ghoul Fire Elementalist began the quest for the Orb.
     0 | D:1      | Reached XP level 1. HP: 14/14 MP: 2/2
     0 | D:1      | 0 ||| qw: Version: 0.1-a-90-g952f4b7
     0 | D:1      | 0 ||| qw: Game counter: 3817
     0 | D:1      | 0 ||| qw: Always use a shield: true
     0 | D:1      | 0 ||| qw: God list: Okawaru
     0 | D:1      | 0 ||| qw: Allow faded altars: false
     0 | D:1      | 0 ||| qw: Do Orc after D:15 true
     0 | D:1      | 0 ||| qw: Do second Lair branch before Depths: true
     0 | D:1      | 0 ||| qw: Lair rune preference: random
     0 | D:1      | 0 ||| qw: Plans: Normal
     0 | D:1      | 0 ||| PLANNING D:1-11
    24 | D:1      | Found Tietihit's Antique Armour Emporium.
    32 | D:1      | 32 ||| SHOPLISTING cloak (126 gold, have 0).
    32 | D:1      | 32 ||| SHOPLISTING glowing ring mail (196 gold, have 0).
    32 | D:1      | 32 ||| SHOPLISTING helmet (126 gold, have 0).
    32 | D:1      | 32 ||| SHOPLISTING leather armour (56 gold, have 0).
    32 | D:1      | 32 ||| SHOPLISTING ring mail (112 gold, have 0).
    32 | D:1      | 32 ||| SHOPLISTING tattered robe (159 gold, have 0).
   195 | D:1      | Reached skill level 1 in Unarmed Combat
   386 | D:1      | Found Vugifacw's Magic Scroll Boutique.
   412 | D:1      | Reached skill level 1 in Fighting
   412 | D:1      | Reached XP level 2. HP: 13/23 MP: 3/3
   555 | D:1      | 555 ||| SHOPLISTING 2 scrolls of enchant weapon (210 gold,
                  | have 10).
   555 | D:1      | 555 ||| SHOPLISTING scroll of identify (28 gold, have 10).
   949 | D:1      | Found Yptoliop's General Store.
   952 | D:1      | 952 ||| SHOPLISTING potion of cancellation (88 gold, have
                  | 10).
   952 | D:1      | 952 ||| SHOPLISTING scroll of brand weapon (104 gold, have
                  | 10).
   952 | D:1      | 952 ||| SHOPLISTING scroll of teleportation (33 gold, have
                  | 10).
   957 | D:1      | You fall into a shaft and drop 1 floor!
   984 | D:2      | 984 ||| UPGRADING to amulet of the acrobat.
   989 | D:2      | 989 ||| READING scroll labelled CAQYOXAONI.
   990 | D:2      | 990 ||| DROPPING potion of magic.
  1012 | D:1      | 1012 ||| Stepping ~*~*~tactically~*~*~ (stealth).
  1013 | D:1      | 1013 ||| Stepping ~*~*~tactically~*~*~ (stealth).
  1025 | D:1      | 1025 ||| Stepping ~*~*~tactically~*~*~ (outnumbered).
  1026 | D:1      | 1026 ||| Stepping ~*~*~tactically~*~*~ (outnumbered).
  1027 | D:1      | 1027 ||| Stepping ~*~*~tactically~*~*~ (outnumbered).
  1028 | D:1      | 1028 ||| Stepping ~*~*~tactically~*~*~ (outnumbered).
  1036 | D:1      | HP: 3/23 [jackal (3)]
  1039 | D:1      | HP: 1/23 [jackal (1)]
  1042 | D:1      | Slain by a frilled lizard

Levels and vault maps discovered:
D:1:      sevenhm_arrival_forest_fort_small_3, layout_basic, serial_shops,
          nicolae_shop_behind_doors, shop_coins, nicolae_shop_waterfront,
          shop_fountains, nicolae_shop_temple_entry_statues_fountains
D:2:      layout_basic, uniq_natasha

Skill      XL: |  1  2 |
---------------+-------+-----
Unarmed Combat | 1 2 |  2.2
Fighting       | 1 |  1.2
Dodging        | |  1.7
Stealth        | |  2.1
Spellcasting   | |  1.7
Conjurations   | |  0.7
Fire Magic     | |  2.4

Action                   || total
-------------------------++-------
Melee: Unarmed           ||    91
       Punch             ||     1
  Use: Scroll            ||     1
Armor: Robe              ||    19
Dodge: Dodged            ||    86

Table legend:
 A = Non-vault XP
 B = Vault XP
 C = Vault XP percentage of total XP
 D = Non-vault monster count
 E = Vault monster count
 F = Vault count percentage of total count
                 A         B        C        D         E       F
            +---------+---------+-------+---------+---------+-------
      Total |      32 |       0 |   0.0 |      18 |       0 |   0.0
            +---------+---------+-------+---------+---------+-------
        D:1 |      32 |       0 |   0.0 |      18 |       0 |   0.0
            +---------+---------+-------+---------+---------+-------
